 Dungeon Crawl Stone Soup version 0.29-a0-824-gd827844252 (webtiles) character file.

Game seed: 6408775783360165974

175 Morbidden the Stinger (level 5, -1/33 HPs)
             Began as an Octopode Venom Mage on July 9, 2022.
             Slain by Edmund
             ... wielding a +3 flail of holy wrath
              (11 damage)
             ... on level 4 of the Dungeon.
             The game lasted 00:04:33 (3349 turns).

Morbidden the Stinger (Octopode Venom Mage)         Turns: 3349, Time: 00:04:33

Health: -1/33      AC:  2    Str:  7    XL:     5   Next: 55%
Magic:  8/9        EV: 19    Int: 19    God:
Gold:   181        SH:  0    Dex: 18    Spells: 2/10 levels left

rFire   . . .      SeeInvis .     - Unarmed
rCold   . . .      Faith    .   (shield currently unavailable)
rNeg    . . .      Spirit   .   (helmet currently unavailable)
rPois   x          Reflect  .   (no amulet)
rElec   .          Harm     .   (no ring)
rCorr   .          Rampage  .   (no ring)
Will    .....                   (no ring)
Stlth   +.........              (no ring)
HPRegen 0.11/turn               (no ring)
MPRegen 0.11/turn               (no ring)
                                (no ring)
                                (no ring)

@: confused, spider-form, ambrosia-drunk
A: venomous fangs, almost no armour, (amphibious), 8 rings, tiny, (camouflage
1), (gelatinous body 1), (nimble swimmer 1), (tentacles)
a: End Transformation


You were on level 4 of the Dungeon.
You were a venomous arachnid creature.
You visited 1 branch of the dungeon, and saw 4 of its levels.

You collected 181 gold pieces.

Inventory:

Hand Weapons
 a - a +0 dagger (melded)
Missiles
 b - 10 poisoned darts
 c - 7 boomerangs (quivered)
Scrolls
 g - a scroll of noise {unknown}
 h - 4 scrolls of teleportation {unknown}
 k - a scroll of torment {unknown}
 l - a scroll of blinking {unknown}
 m - a scroll of identify {unknown}
 n - 2 scrolls of vulnerability {unknown}
 o - a scroll of summoning {unknown}
 p - a scroll of brand weapon {unknown}
 q - 2 scrolls of enchant armour {unknown}
Potions
 d - a potion of flight {unknown}
 e - a potion of curing {unknown}
 f - 2 potions of ambrosia
 i - 2 potions of magic
 j - 3 potions of heal wounds {unknown}


   Skills:
 * Level 1.4 Fighting
 + Level 2.1 Dodging
 * Level 3.5 Stealth
 * Level 1.2 Unarmed Combat
 * Level 3.0 Spellcasting
 * Level 2.0 Transmutations
 * Level 0.4 Ice Magic
 * Level 4.8 Poison Magic


You had 2 spell levels left.
You knew the following spells:

 Your Spells              Type           Power      Damage    Failure   Level
a - Sting                 Tmut/Pois      60%        1d6       12%         1
q - Ice Form              Ice/Tmut       7%         N/A       85%         4
z - Spider Form           Tmut/Pois      15%        N/A       26%         3

Your spell library contained the following spells:

 Spells                   Type           Power      Damage    Failure   Level
 Poisonous Vapours        Pois/Air       24%        N/A       22%         2
 Ensorcelled Hibernation  Hex/Ice        6%         N/A       43%         2
 Olgreb's Toxic Radiance  Pois           21%        N/A       41%         4
 Mephitic Cloud           Conj/Pois/Air  9%         N/A       45%         3
 Hailstorm                Conj/Ice       3%         3d3       92%         4
 Anguish                  Hex/Necr       1%         N/A       94%         4
 Simulacrum               Ice/Necr       1%         N/A       100%        6


Dungeon Overview and Level Annotations

Branches:
Dungeon (4/15)
 Temple: D:4-7

Altars:

Annotations:
D:4 Edmund


Innate Abilities, Weirdness & Mutations

You are a venomous arachnid creature.
You have poisonous fangs.
You are tiny and dextrous.
Your spellcasting is less reliable in this form.
Your armour is entirely melded.
You are incapable of wielding weapons or throwing items.
You cannot wear most types of armour.
((You are amphibious.))
You can wear up to eight rings at the same time.
((Your skin changes colour to match your surroundings (Stealth+).))
((Your rubbery body absorbs attacks. (AC +1, EV +1)))
((You are camouflaged when in or above water. (Stealth+)))
((You have tentacles for arms and can constrict up to eight enemies at once.))


Message History

The sting hits Edmund but does no damage.
Edmund looks as sick as possible!
Edmund is lightly wounded.
Edmund says, "Everyone always remembers my brother. 'Who's Edmund?' they ask!"
Edmund closely misses you.
Casting: Sting (safe; 12% risk of failure)
Confirm with . or Enter, or press ? or * to list all spells.
Aiming: Sting (safe; 12% risk of failure)
Press: ? - help, Shift-Dir - straight line, f/p - Edmund
Aim: Edmund, wielding a +3 flail of holy wrath and wearing a +0 scale mail (moderately wounded, extremely poisoned, 77% to hit)
The sting hits Edmund but does no damage.
Edmund looks as sick as possible!
Edmund is moderately wounded.
Edmund misses you.
You hit Edmund but do no damage.
Edmund looks as sick as possible!
Edmund is moderately wounded.
Edmund closely misses you.
Unknown command.
You barely miss Edmund.
Edmund is moderately wounded.
Edmund hits you with a +3 flail of holy wrath.
You hit Edmund but do no damage.
Edmund looks as sick as possible!
Edmund is heavily wounded.
Edmund hits you with a +3 flail of holy wrath!
Unknown command.
You barely miss Edmund.
Edmund is heavily wounded.
Edmund hits you with a +3 flail of holy wrath!
* * * LOW HITPOINT WARNING * * *
Unknown command.
A phantom comes into view.
Unknown command.
Unknown command.
Unknown command.
It was a potion of ambrosia.
You are confused.
You feel invigorated.
Edmund says, "You wouldn't believe how much I paid for this flail."
Edmund hits you with a +3 flail of holy wrath!
You die...

#..W..#
#......#.....#
#......#.....#
#......#.....####
#......##.......##
#.......#.....≈≈.#
#.......#.....#
#.......#.s...#
#.......#.@...#
#[......'.....#
#....##+#.....#
#....# ....###
#....# .....#
#....#......+
#....#......#
#....#......#


You could see Edmund (extremely poisoned) and a phantom.

Vanquished Creatures
  A scorpion (D:3)
  3 adders
  4 gnolls (D:3)
  7 orcs (D:3)
  3 endoplasms
  2 giant cockroaches
  3 goblins (D:2)
  6 hobgoblins
  2 quokkas
  3 ball pythons
  5 bats
  2 frilled lizards
  3 kobolds
  5 rats
49 creatures vanquished.

Vanquished Creatures (others)
  A fungus (D:2)
  2 plants (D:2)
3 creatures vanquished.

Grand Total: 52 creatures vanquished

Notes
Turn   | Place    | Note
-------+----------+-------------------------------------------
     0 | D:1      | Morbidden the Octopode Venom Mage began the quest for the
                  | Orb.
     0 | D:1      | Reached XP level 1. HP: 11/11 MP: 3/3
   742 | D:2      | Reached skill level 4 in Poison Magic
   742 | D:2      | Reached XP level 2. HP: 17/17 MP: 0/5
  1084 | D:2      | Reached XP level 3. HP: 22/22 MP: 4/6
  1273 | D:2      | Found a faded altar of an unknown god.
  1335 | D:2      | Learned a level 3 spell: Spider Form
  1800 | D:3      | Reached XP level 4. HP: 10/27 MP: 3/7
  2125 | D:3      | Learned a level 4 spell: Ice Form
  2160 | D:3      | Noticed a scorpion
  2164 | D:3      | Killed a scorpion
  2165 | D:3      | Reached skill level 1 in Fighting
  2165 | D:3      | Reached XP level 5. HP: 33/33 MP: 4/9
  2603 | D:3      | Reached skill level 1 in Unarmed Combat
  3336 | D:4      | Noticed Edmund
  3348 | D:4      | Noticed a phantom
  3349 | D:4      | Slain by Edmund

Illustrated notes

Levels and vault maps discovered:
D:1:      mrwooster_arrival_statue_2, layout_loops_ring
D:2:      layout_basic, shapermc_ecumenical_altar_mp_urbaneastern,
          minmay_statues_item, kennysheep_generic_room_12
D:3:      minmay_spotlight, layout_rooms
D:4:      layout_gridville, minmay_temple_entry_statues_fountains,
          gup_sewer_entry_pipe, uniq_edmund

Skill      XL: |  1  2  3  4  5 |
---------------+----------------+-----
Poison Magic   | 4 |  4.8
Stealth        | 3 |  3.5
Fighting       | 1 |  1.4
Spellcasting   | 3 |  3.0
Transmutations | 2 |  2.0
Unarmed Combat | 1 |  1.2
Dodging        | |  2.1
Ice Magic      | |  0.4

Action                   |  1- 3 |  4- 6 || total
-------------------------+-------+-------++-------
Melee: Unarmed           |    28 |    13 ||    41
       Constrict         |     6 |     2 ||     8
       Tentacles         |     8 |     4 ||    12
       Dagger            |     5 |    10 ||    15
Throw: Boomerang         |       |     3 ||     3
 Cast: Sting             |    40 |    37 ||    77
       Spider Form       |     1 |     1 ||     2
  Use: Potion            |       |     1 ||     1
 Stab: Sleeping          |     1 |     1 ||     2
Armor: Skin              |     4 |       ||     4
Dodge: Dodged            |    17 |    20 ||    37

Table legend: (Time is in decaauts)
 A = Elapsed time spent in this place.
 B = Non-inter-level travel time spent in this place.
 C = Inter-level travel time spent in this place.
 D = Time resting spent in this place.
 E = Time spent auto-exploring this place.
 F = Levels seen in this place.
 G = Mean time per level.
                   A        B        C        D        E       F      G
               +--------+--------+--------+--------+--------+-----+--------+
         Total |   3348 |   3262 |     86 |    306 |   2494 |   4 |  837.0 |
       Dungeon |   3348 |   3262 |     86 |    306 |   2494 |   4 |  837.0 |
               +--------+--------+--------+--------+--------+-----+--------+

Top non-repeatable levels by time:
     D:2: 1283 daAuts
     D:3: 1174 daAuts
     D:1: 699 daAuts
     D:4: 192 daAuts
